 Dungeon Crawl Stone Soup version 0.30.1-11-g7821555f0a (webtiles) character file.

Game seed: 7195196039501748404

67278 lonewolfV2 the Tortoise (level 14, -2/122 (138) HPs)
             Began as a Minotaur Fighter on Nov 10, 2023.
             Was the Champion of Jiyva.
             Slain by a death yak (4 damage)
             ... on level 5 of the Lair of Beasts.
             The game lasted 00:32:21 (17015 turns).

lonewolfV2 the Tortoise (Minotaur Fighter)         Turns: 17015, Time: 00:32:21

HP:   -2/122 (138)  AC: 24    Str: 19    XL:     14   Next: 34%
MP:   13/13         EV: 21    Int:  9    God:    Jiyva [******]
Gold: 816           SH:  0    Dex: 12    Spells: 13/13 levels left

rFire   + . .        J - +12 great sword "Sarhor" {heavy, rPois Stlth+}
rCold   . . .        (shield currently unavailable)
rNeg    . . .        L - +5 plate armour of Cumom {Rampage Stlth+}
rPois   +            (helmet restricted)
rElec   +            o - +0 cloak
rCorr   +            (no gloves)
SInv    .            (no boots)
Will    +....        H - amulet "Imaunticw" {rElec Regen+ rCorr Dex-3} Stlth
                     v - +5 ring of evasion
HPRegen 1.60/turn    A - +5 ring of evasion
MPRegen 0.63/turn

%: clarity, rampage
@: inhibited regen, heavily drained
A: horns 2, retaliatory headbutt, clarity, clever 1, fire resistance 1, passive
freeze, inhibited regeneration, evolution 2, tendrils, jelly sensing items,
MP-powered wands
}: 1/15 runes: slimy
a: Renounce Religion, Oozemancy, Slimify


You were on level 5 of the Lair of Beasts.
You worshipped Jiyva.
Jiyva was exalted by your worship.
You visited 3 branches of the dungeon, and saw 25 of its levels.
You visited the Abyss 1 time.

You collected 816 gold pieces.

Inventory:

Hand Weapons
 a - a +0 war axe of protection
 z - the +4 mace of Pride {pain, rElec Str-5 SInv}
   (You found it on level 13 of the Dungeon)

   Str:       It affects your strength (-5).
   rElec:     It insulates you from electricity.
   SInv:      It lets you see invisible.
 I - the +0 spear of the Moon {flame, Int+3}
   (You found it on level 5 of the Pits of Slime)

   Int:       It affects your intelligence (+3).
 J - the +12 great sword "Sarhor" (weapon) {heavy, rPois Stlth+}
   (You found it on level 5 of the Pits of Slime)

   rPois:     It protects you from poison.
   Stlth:     It makes you more stealthy.
Armour
 b - a +0 scale mail
 c - a +0 buckler
 o - a +0 cloak (worn)
 r - the +2 chain mail of the Realm of Zot {Rampage Drain Str+6}
   (You found it on level 5 of the Dungeon)

   Str:       It affects your strength (+6).
   Drain:     It drains your maximum health when unequipped.
   Rampage:   It bestows one free step when moving towards enemies.
 K - the +5 scale mail of the Comet {rCorr Dex+3}
   (You found it on level 5 of the Pits of Slime)

   Dex:       It affects your dexterity (+3).
   rCorr:     It protects you from acid and corrosion.
 L - the +5 plate armour of Cumom (worn) {Rampage Stlth+}
   (You found it on level 5 of the Pits of Slime)

   Rampage:   It bestows one free step when moving towards enemies.
   Stlth:     It makes you more stealthy.
 M - the +0 plate armour of Imperfection {rCorr Int+3 Dex+3}
   (You found it on level 5 of the Pits of Slime)

   Int:       It affects your intelligence (+3).
   Dex:       It affects your dexterity (+3).
   rCorr:     It protects you from acid and corrosion.
Jewellery
 f - an amulet of reflection
 v - a +5 ring of evasion (left hand)
 A - a +5 ring of evasion (right hand)
 D - the ring of Iwoshiemn {Fire MP+9 Str-3 Dex+2}
   (You found it on level 3 of the Lair of Beasts)

   [ring of fire]

   It enhances your fire magic.
   Str:       It affects your strength (-3).
   Dex:       It affects your dexterity (+2).
   rF:        It protects you from fire.
   rC:        It makes you vulnerable to cold.
   MP:        It affects your magic capacity (+9).
 H - the amulet "Imaunticw" (around neck) {rElec Regen+ rCorr Dex-3}
   (You found it on level 5 of the Pits of Slime)

   [amulet of regeneration]

   Dex:       It affects your dexterity (-3).
   rElec:     It insulates you from electricity.
   Regen:     It increases your rate of health regeneration.
   rCorr:     It protects you from acid and corrosion.
Wands
 t - a wand of iceblast (7)
 B - a wand of charming (8)
Scrolls
 g - 3 scrolls of fear
 n - 3 scrolls of magic mapping
 p - 4 scrolls of teleportation
 u - 3 scrolls of blinking
 w - a scroll of fog
 x - 3 scrolls of poison
 y - a scroll of amnesia
 F - a scroll of identify
Potions
 d - 3 potions of might
 e - 4 potions of heal wounds
 h - 3 potions of degeneration
 i - a potion of cancellation
 j - 3 potions of magic
 l - a potion of haste
 m - 4 potions of flight
 q - 2 potions of lignification
 s - 3 potions of curing
 C - a potion of brilliance
 E - a potion of resistance
Miscellaneous
 k - a condenser vane


   Skills:
 - Level 16.6 Fighting
 * Level 3.8 Long Blades
 - Level 11.0 Axes
 - Level 17.2 Armour
 - Level 14.1 Dodging
 - Level 3.6 Shields


You had 13 spell levels left.
You didn't know any spells.
Your spell library contained the following spells:

 Spells                   Type           Power      Damage    Failure   Level
 Kiss of Death            Conj/Necr      0%         2d5       99%         1
 Blink                    Tloc           0%         N/A       99%         2
 Dazzling Flash           Conj/Hex       0%         N/A       100%        3
 Gell's Gravitas          Tloc           0%         N/A       100%        3
 Ozocubu's Armour         Ice            0%         N/A       100%        3
 Teleport Other           Tloc           0%         N/A       100%        3
 Vhi's Electric Charge    Tloc/Air       0%         N/A       100%        3
 Volatile Blastmotes      Fire/Tloc      0%         2d10      100%        3
 Iskenderun's Mystic Bla  Conj/Tloc      0%         2d3       100%        4
 Manifold Assault         Tloc           0%         N/A       100%        4
 Arcjolt                  Conj/Air       0%         1d10      100%        5
 Dispersal                Tloc           0%         N/A       100%        6
 Plasma Beam              Fire/Air       0%         2x1d11    100%        6
 Simulacrum               Ice/Necr       0%         N/A       100%        6
 Starburst                Conj/Fire      0%         6d3       100%        6
 Ozocubu's Refrigeration  Ice            0%         4d7       100%        7
 Storm Form               Tmut/Air       0%         N/A       100%        7
 Maxwell's Capacitive Co  Air            0%         ∞         100%        8
 Chain Lightning          Conj/Air       0%         N/A       100%        9
 Fire Storm               Conj/Fire      0%         5d1       100%        9
 Shatter                  Erth           0%         3d5*      100%        9


Dungeon Overview and Level Annotations

Branches:
Dungeon (15/15)            Temple (0/1) D:6            Lair (5/5) D:8
 Shoals (0/4) Lair:2       Spider (0/4) Lair:3        Slime (5/5) Lair:4
    Orc (0/2) D:10         Vaults (0/5) D:13         Depths (0/4) D:15

Altars:
Elyvilon
Fedhas
Hepliaklqana
Kikubaaqudgha
Nemelex Xobeh
Okawaru
Qazlal
Ru
Sif Muna
Trog
Xom
Yredelemnul
The Shining One
Jiyva
Lugonu

Shops:
D:1 [   D:6 **   D:8 (:[!*   D:10 [!*

Annotations:
D:3 1 runed translucent door
D:12 2 transporters
D:15 3 runed translucent doors, MadAsgardian's ghost, journeyman TrMo; Maloq's ghost, journeyman GrEE; Tucopp's ghost, journeyman DrTm; Uvinaotu's ghost, journeyman MiFi
Slime:5 Royal Jelly


Innate Abilities, Weirdness & Mutations

You have a pair of horns on your head.
You reflexively headbutt those who attack you in melee.
You possess an exceptional clarity of mind.
Your mind is acute. (Int +4, Str/Dex -1)
Your flesh is heat resistant. (rF+)
A frigid envelope surrounds you and freezes all who hurt you.
You do not regenerate when monsters are visible.
You have great hidden genetic potential.
You are covered in slimy tendrils that may disarm your opponents.
You have a small jelly attached to you that senses nearby items.
You expend magic power (3 MP) to strengthen your wands.


Message History

* * * LOW HITPOINT WARNING * * *
The death yak is very cold.
The death yak is heavily wounded.
The death yak gores you!
* * * LOW HITPOINT WARNING * * *
The death yak is very cold.
The death yak is lightly wounded.
The water moccasin closely misses you. The death yak barely misses you.
You furiously retaliate!
You headbutt the death yak!
The death yak gores you but does no damage.
The death yak is very cold.
The death yak is moderately wounded.
The dream sheep bites you.
* * * LOW HITPOINT WARNING * * *
The dream sheep is very cold.
The dream sheep is lightly wounded.
The dream sheep completely misses you. The dream sheep misses you.
The death yak closely misses you. The death yak gores you!
* * * LOW HITPOINT WARNING * * *
The death yak is very cold.
The death yak is heavily wounded.
You carve the death yak like a ham!!!
The death yak is severely wounded.
The water moccasin misses you. The dream sheep closely misses you. x2
The dream sheep barely misses you. You furiously retaliate!
You headbutt the dream sheep!
You kill the dream sheep!
The water moccasin misses you. The death yak closely misses you.
You furiously retaliate!
You headbutt the death yak.
The death yak gores you but does no damage.
The death yak is very cold.
The death yak is severely wounded.
The death yak barely misses you. You furiously retaliate!
You headbutt the death yak! The death yak barely misses you.
The death yak gores you!
* * * LOW HITPOINT WARNING * * *
The death yak is very cold.
The death yak is severely wounded.
The death yak gores you.
You die...

.............#.#..
.......<...P.......
....#......#.......
......#...##...#...
..................P
...............#..P
..........YY...P...
....#...$YYYY......
..P......YY@Y..P...
.........YYY#.P...
........kS.P..P..
................#
......#.........#
...)....#....#P..
.........#.......
......... ....#..


You could see 10 death yaks, a rime drake, a water moccasin and 2 dream sheep.

Vanquished Creatures
  A tentacled starspawn (Abyss:1)
  A black draconian (Abyss:1)
  The ghost of booth the Cleaver, a journeyman DsMo of Hepliaklqana (Lair:3)
  Josephine (D:10)
  2 rakshasas
  Erolcha (D:12)
  A hydra (D:14)
  4 boulder beetles
  A centaur warrior (D:15)
  2 two-headed ogres (D:12)
  A death yak (Lair:5)
  A hell hog (Abyss:1)
  A large abomination (Abyss:1)
  Sonja (D:12)
  Nergalle (Lair:2)
  2 thrashing horrors (Abyss:1)
  A sixfirhy (Abyss:1)
  Amaemon (D:11)
  Pikel (D:7)
  2 starcursed masses (Abyss:1)
  A deep elf pyromancer (D:15)
  5 cyclopes
  4 manticores
  15 ugly things
  2 black mambas
  Maurice (D:9)
  A smoke demon (Abyss:1)
  5 cane toads
  An orange demon (D:11)
  2 gargoyles
  Psyche (D:8)
  2 freezing wraiths
  3 komodo dragons
  An unseen horror (D:12)
  A rime drake (Lair:1)
  2 trolls
  A harpy zombie (Abyss:1)
  A troll (shapeshifter) (D:15)
  A hellwing (Abyss:1)
  A wind drake (shapeshifter) (Abyss:1)
  6 polar bears
  A hornet (D:8)
  8 blink frogs (Lair:3)
  A snapping turtle (Lair:2)
  A raiju (Abyss:1)
  7 dream sheep
  A centaur simulacrum (D:14)
  4 wyverns
  6 wraiths
  38 yaks
  A shadow (D:11)
  A ynoxinul (Abyss:1)
  A neqoxec (Abyss:1)
  5 basilisks
  8 vampire mosquitoes
  The ghost of Angrytalen2 the Cudgeller, an amateur GrMo (D:4)
  A warg (shapeshifter) (D:13)
  7 water moccasins
  An acid dragon (D:11)
  6 black bears
  3 ice beasts
  3 orc warriors
  A sky beast (D:7)
  11 wolves
  An ogre (D:5)
  9 centaurs
  4 kobold brigands
  10 bullfrogs
  4 gnoll sergeants
  2 scorpions
  13 wights
  A killer bee (D:11)
  3 small abominations (Abyss:1)
  7 howler monkeys
  2 electric eels
  8 hounds
  An iron imp (D:8)
  3 iguanas
  A sleepcap (D:8)
  4 orc wizards
  7 adders
  17 gnolls
  3 shadow imps
  2 white imps
  4 worms
  A dart slug (D:1)
  15 orcs
  5 ball pythons
  5 endoplasms (D:1)
  2 giant cockroaches (D:4)
  3 goblins
  5 hobgoblins
  4 jackals
  5 quokkas
  7 bats
  3 frilled lizards
  3 goblin skeletons
  3 goblin zombies
  4 hobgoblin zombies (D:8)
  22 kobolds
  A kobold skeleton (D:8)
  2 kobold zombies
  An orc skeleton (D:8)
  3 orc zombies (D:8)
  3 rats (D:1)
  A spectral hobgoblin (D:11)
  A starspawn tentacle (Abyss:1)
406 creatures vanquished.

Vanquished Creatures (collateral kills)
  Rupert (D:13)
  A tormentor (Abyss:1)
  Menkaure (D:6)
  A scorpion (D:6)
4 creatures vanquished.

Vanquished Creatures (others)
  2 very ugly things (D:15)
  A rakshasa (D:15)
  2 centaur warriors (D:15)
  A shadow wraith (Abyss:1)
  2 glowing orange brains
  2 ugly things (D:15)
  A torpor snail (Lair:4)
  A dream sheep (Lair:4)
  7 slime creatures
  A wraith (Abyss:1)
  A wyvern (shapeshifter) (D:13)
  A water moccasin (Lair:3)
  A black bear (shapeshifter) (D:13)
  A human (D:3)
  3 centaurs (D:15)
  2 wolves (D:7)
  2 bullfrogs
  3 scorpions
  45 jellies
  2 killer bees (D:11)
  2 howler monkeys
  2 hounds
  A sleepcap (D:6)
  An orc wizard (D:5)
  An adder (D:3)
  6 gnolls (D:7)
  A worm (D:3)
  3 orcs (D:5)
  A bat (D:3)
  3 endoplasms
  2 goblins
  4 jackals (D:7)
  2 kobolds (D:3)
  2 quokkas (D:3)
  3 ball pythons
  A hobgoblin zombie (D:8)
  A rat (D:3)
  2 starspawn tentacles (Abyss:1)
119 creatures vanquished.

Grand Total: 529 creatures vanquished

Notes
Turn   | Place    | Note
-------+----------+-------------------------------------------
     0 | D:1      | lonewolfV2 the Minotaur Fighter began the quest for the
                  | Orb.
     0 | D:1      | Reached XP level 1. HP: 19/19 MP: 0/0
   203 | D:1      | Reached XP level 2. HP: 28/28 MP: 1/1
   364 | D:1      | Found Gohaxuz's Armour Shop.
   534 | D:1      | Reached skill level 5 in Fighting
   557 | D:1      | Found a faded altar of an unknown god.
   677 | D:1      | Reached XP level 3. HP: 34/36 MP: 2/2
  1167 | D:1      | Prayed at the altar of an unknown god.
  1167 | D:1      | Became a worshipper of Jiyva Jenih the Shapeless
  1167 | D:1      | Reached * piety under Jiyva
  1392 | D:2      | Found a sacrificial altar of Ru.
  1416 | D:2      | Identified the +2 sling "Riretok" {heavy, *Slow Fly rN+++
                  | Dex+4}
  1532 | D:2      | Reached XP level 4. HP: 44/44 MP: 3/3
  1704 | D:3      | Reached ** piety under Jiyva
  1706 | D:3      | Noticed a black bear
  1713 | D:3      | Killed a black bear
  1714 | D:3      | Reached XP level 5. HP: 32/52 MP: 4/4
  1900 | D:3      | Found a hazy altar of Hepliaklqana.
  1902 | D:3      | Found an iron altar of Okawaru.
  1902 | D:3      | Found a sparkling altar of Nemelex Xobeh.
  1921 | D:3      | Found a bloodstained altar of Trog.
  2453 | D:3      | Found a runed translucent door.
  2453 | D:3      | Noticed a human
  2455 | D:3      | Found a basalt altar of Yredelemnul.
  2455 | D:3      | Reached *** piety under Jiyva
  2483 | D:3      | Found an ancient bone altar of Kikubaaqudgha.
  2486 | D:3      | Noticed a human
  2488 | D:3      | Killed a human
  2570 | D:4      | Gained mutation: You have a pair of large horns on your
                  | head. [Jiyva's grace]
  2570 | D:4      | Gained mutation: You are covered in slimy tendrils that may
                  | disarm your opponents. [Jiyva's grace]
  2570 | D:4      | Gained mutation: You have very sharp teeth. [Jiyva's grace]
  2570 | D:4      | Gained mutation: You have extremely sharp teeth. [Jiyva's
                  | grace]
  2737 | D:4      | Found a stormy altar of Qazlal.
  2780 | D:4      | Found a runed translucent door.
  2781 | D:4      | Noticed Angrytalen2's ghost (amateur GrMo)
  3151 | D:4      | Killed Angrytalen2's ghost
  3152 | D:4      | Reached XP level 6. HP: 57/62 MP: 5/5
  3198 | D:5      | Entered Level 5 of the Dungeon
  3201 | D:5      | Noticed an ice beast
  3213 | D:5      | Killed an ice beast
  3285 | D:5      | Reached **** piety under Jiyva
  3297 | D:5      | Reached XP level 7. HP: 57/71 MP: 6/6
  3476 | D:5      | Identified the +2 chain mail of the Realm of Zot {Rampage
                  | Drain Str+6}
  3645 | D:5      | Reached skill level 10 in Fighting
  3949 | D:6      | Found a staircase to the Ecumenical Temple.
  3976 | D:6      | Reached XP level 8. HP: 83/83 MP: 7/7
  4019 | D:6      | Noticed a cyclops
  4026 | D:6      | Killed a cyclops
  4035 | D:6      | Found Ufirhu's General Store.
  4144 | D:6      | Reached ***** piety under Jiyva
  4162 | D:6      | Found Kootuh's Mayhem Merchandise.
  4173 | D:6      | Noticed Menkaure
  4181 | D:6      | Killed Menkaure
  4586 | D:6      | Lost mutation: You are covered in slimy tendrils that may
                  | disarm your opponents. [Jiyva's grace]
  4586 | D:6      | Gained mutation: You are partially covered in iridescent
                  | scales. (AC +2) [Jiyva's grace]
  4586 | D:6      | Gained mutation: You are mostly covered in iridescent
                  | scales. (AC +4) [Jiyva's grace]
  4586 | D:6      | Gained mutation: You are completely covered in iridescent
                  | scales. (AC +6) [Jiyva's grace]
  4586 | D:6      | Gained mutation: Your melee attacks may engulf your foes in
                  | ooze. [Jiyva's grace]
  4671 | D:7      | Reached XP level 9. HP: 91/95 MP: 8/8
  4705 | D:7      | Noticed Pikel
  4713 | D:7      | Killed Pikel
  4714 | D:7      | Reached skill level 15 in Fighting
  5232 | D:8      | Reached skill level 5 in Axes
  5237 | D:8      | Found a glowing golden altar of the Shining One.
  5343 | D:8      | Noticed Psyche
  5348 | D:8      | Killed Psyche
  5381 | D:8      | Paralysed by a hornet for 1 turns
  5499 | D:8      | Found a shimmering blue altar of Sif Muna.
  5504 | D:8      | Reached XP level 10. HP: 105/105 MP: 9/9
  5627 | D:8      | Found Kuuhoeth's Weapon Shoppe.
  5732 | D:8      | Found a blossoming altar of Fedhas.
  5776 | D:8      | Found a staircase to the Lair.
  5793 | D:8      | Found Imiczepe's Distillery.
  5876 | D:8      | Found Zagoseoh's General Store.
  5987 | D:8      | Reached ****** piety under Jiyva
  5990 | D:8      | Found a shimmering altar of Xom.
  6046 | D:8      | Found Dudotwap's Book Emporium.
  6085 | D:8      | Found Juoxievi's Antique Armour Shoppe.
  6206 | D:9      | Lost mutation: You are completely covered in iridescent
                  | scales. (AC +6) [Jiyva's grace]
  6206 | D:9      | Gained mutation: You have an increased reservoir of magic.
                  | (+10% MP) [Jiyva's grace]
  6206 | D:9      | Gained mutation: You have a considerably increased
                  | reservoir of magic. (+20% MP) [Jiyva's grace]
  6206 | D:9      | Gained mutation: You have a greatly increased reservoir of
                  | magic. (+30% MP) [Jiyva's grace]
  6206 | D:9      | Gained mutation: Your spells are a little harder to cast,
                  | but a little more powerful. [Jiyva's grace]
  6227 | D:9      | Noticed Maurice
  6234 | D:9      | Reached skill level 10 in Axes
  6342 | D:9      | Killed Maurice
  6817 | D:10     | Entered Level 10 of the Dungeon
  6822 | D:10     | Found a staircase to the Orcish Mines.
  6867 | D:10     | Reached skill level 1 in Dodging
  7009 | D:10     | Noticed Josephine
  7018 | D:10     | Killed Josephine
  7019 | D:10     | Reached skill level 5 in Dodging
  7243 | D:10     | Found Akhluan's Assorted Antiques.
  7334 | D:10     | Lost mutation: You have extremely sharp teeth. [Jiyva's
                  | grace]
  7334 | D:10     | Lost mutation: You have a greatly increased reservoir of
                  | magic. (+30% MP) [Jiyva's grace]
  7334 | D:10     | Gained mutation: You are agile. (Dex +4, Str/Int -1)
                  | [Jiyva's grace]
  7334 | D:10     | Gained mutation: You are very agile. (Dex +8, Str/Int -2)
                  | [Jiyva's grace]
  7334 | D:10     | Gained mutation: You are completely covered in iridescent
                  | scales. (AC +6) [Jiyva's grace]
  7334 | D:10     | Gained mutation: You have large cloven feet. [Jiyva's
                  | grace]
  7388 | D:10     | Found Osmuid's Distillery.
  7416 | D:10     | Found Lebui's Antique Armour Shop.
  7688 | D:11     | Noticed an orange demon
  7693 | D:11     | Killed an orange demon
  7693 | D:11     | Noticed Amaemon
  7694 | D:11     | Reached XP level 11. HP: 109/112 MP: 12/12
  7709 | D:11     | Killed Amaemon
  7869 | D:11     | Found a hazy altar of Hepliaklqana.
  8032 | D:12     | Noticed a green ugly thing
  8036 | D:12     | Killed a green ugly thing
  8037 | D:12     | Reached skill level 10 in Dodging
  8071 | D:12     | Noticed a two-headed ogre
  8073 | D:12     | Noticed a purple ugly thing
  8074 | D:12     | Noticed a two-headed ogre
  8082 | D:12     | Killed a two-headed ogre
  8083 | D:12     | Killed a two-headed ogre
  8088 | D:12     | Killed a purple ugly thing
  8194 | D:12     | Noticed a boulder beetle
  8212 | D:12     | Killed a boulder beetle
  8224 | D:12     | Reached XP level 12. HP: 88/121 MP: 13/13
  8247 | D:12     | Noticed Sonja
  8263 | D:12     | Killed Sonja
  8459 | D:12     | Found a gate leading to a gauntlet.
  8544 | D:12     | Found a corrupted altar of Lugonu.
  8552 | D:12     | Noticed Erolcha
  8575 | Abyss:1  | Cast into level 1 of the Abyss (Erolcha)
  8587 | Abyss:1  | Noticed a starcursed mass
  8606 | Abyss:1  | Killed a starcursed mass
  8607 | Abyss:1  | Killed a starcursed mass
  8633 | Abyss:1  | Reached skill level 4 in Armour
  8672 | Abyss:1  | Lost mutation: You are completely covered in iridescent
                  | scales. (AC +6) [Jiyva's grace]
  8672 | Abyss:1  | Lost mutation: You are mostly covered in iridescent scales.
                  | (AC +4) [Jiyva's grace]
  8672 | Abyss:1  | Lost mutation: You are very agile. (Dex +8, Str/Int -2)
                  | [Jiyva's grace]
  8672 | Abyss:1  | Lost mutation: Your melee attacks may engulf your foes in
                  | ooze. [Jiyva's grace]
  8672 | Abyss:1  | Lost mutation: You have large cloven feet. [Jiyva's grace]
  8672 | Abyss:1  | Gained mutation: You have sharp toenails. [Jiyva's grace]
  8672 | Abyss:1  | Gained mutation: You have razor-sharp toenails. [Jiyva's
                  | grace]
  8672 | Abyss:1  | Gained mutation: You have claws for feet. [Jiyva's grace]
  8672 | Abyss:1  | Gained mutation: You have a small jelly attached to you
                  | that may absorb projectiles. [Jiyva's grace]
  8688 | Abyss:1  | Noticed a black draconian
  8697 | Abyss:1  | Killed a black draconian
  8698 | Abyss:1  | Reached skill level 5 in Armour
  8718 | Abyss:1  | Reached skill level 6 in Armour
  8747 | Abyss:1  | Lost mutation: You are agile. (Dex +4, Str/Int -1) [a
                  | neqoxec]
  8797 | Abyss:1  | Noticed a hell hog
  8797 | Abyss:1  | Noticed a rakshasa
  8807 | Abyss:1  | Killed a hell hog
  8808 | Abyss:1  | Reached skill level 7 in Armour
  8808 | Abyss:1  | Killed a rakshasa
  8811 | Abyss:1  | Reached skill level 8 in Armour
  8905 | Abyss:1  | Reached skill level 9 in Armour
  8905 | Abyss:1  | Noticed a tentacled starspawn
  8915 | Abyss:1  | Reached skill level 10 in Armour
  8920 | Abyss:1  | Killed a tentacled starspawn
  8924 | D:12     | Escaped the Abyss
  8932 | D:12     | Killed Erolcha
  8933 | D:12     | Reached skill level 11 in Armour
  9031 | D:12     | Found a transporter.
  9036 | D:12     | Found a transporter.
  9314 | D:13     | Found a gate to the Vaults.
  9331 | D:13     | Identified the +4 mace of Pride {pain, rElec Str-5 SInv}
  9366 | D:13     | Found a white marble altar of Elyvilon.
  9454 | D:13     | Noticed Rupert
  9465 | D:13     | Killed Rupert
  9466 | D:13     | Reached skill level 12 in Armour
  9466 | D:13     | Reached XP level 13. HP: 15/127 MP: 14/14
  9898 | D:14     | Lost mutation: You have a small jelly attached to you that
                  | may absorb projectiles. [potion of mutation]
  9898 | D:14     | Lost mutation: You have a pair of large horns on your head.
                  | [potion of mutation]
  9898 | D:14     | Lost mutation: You have a considerably increased reservoir
                  | of magic. (+20% MP) [potion of mutation]
  9898 | D:14     | Gained mutation: Your muscles are strong. (Str +4, Int/Dex
                  | -1) [potion of mutation]
 10053 | D:14     | Lost mutation: Your spells are a little harder to cast, but
                  | a little more powerful. [potion of mutation]
 10053 | D:14     | Lost mutation: You are partially covered in iridescent
                  | scales. (AC +2) [potion of mutation]
 10053 | D:14     | Lost mutation: You have an increased reservoir of magic.
                  | (+10% MP) [potion of mutation]
 10054 | D:14     | Lost mutation: Your muscles are strong. (Str +4, Int/Dex
                  | -1) [potion of mutation]
 10054 | D:14     | Lost mutation: You have claws for feet. [potion of
                  | mutation]
 10054 | D:14     | Lost mutation: You have very sharp teeth. [potion of
                  | mutation]
 10054 | D:14     | Gained mutation: Armour fits poorly on your strangely
                  | shaped body. [potion of mutation]
 10054 | D:14     | Gained mutation: You do not regenerate when monsters are
                  | visible. [potion of mutation]
 10054 | D:14     | Gained mutation: You are vulnerable to heat. (rF-) [potion
                  | of mutation]
 10092 | D:14     | Reached skill level 13 in Armour
 10464 | D:14     | Reached skill level 14 in Armour
 10857 | D:15     | Entered Level 15 of the Dungeon
 10863 | D:15     | Killed a cyan very ugly thing
 10869 | D:15     | Killed a white very ugly thing
 10890 | D:15     | Reached skill level 15 in Armour
 11003 | D:15     | Found a runed translucent gate.
 11004 | D:15     | Found a runed translucent gate.
 11005 | D:15     | Found a runed translucent gate.
 11006 | D:15     | Noticed Uvinaotu's ghost (journeyman MiFi)
 11007 | D:15     | Noticed MadAsgardian's ghost (journeyman TrMo)
 11007 | D:15     | Noticed Tucopp's ghost (journeyman DrTm)
 11007 | D:15     | Noticed Maloq's ghost (journeyman GrEE)
 11027 | D:15     | Lost mutation: You have razor-sharp toenails. [Jiyva's
                  | grace]
 11027 | D:15     | Lost mutation: You are vulnerable to heat. (rF-) [Jiyva's
                  | grace]
 11027 | D:15     | Gained mutation: You have hidden genetic potential.
                  | [Jiyva's grace]
 11027 | D:15     | Gained mutation: You have great hidden genetic potential.
                  | [Jiyva's grace]
 11027 | D:15     | Gained mutation: Your system is resistant to poisons.
                  | (rPois) [Jiyva's grace]
 11027 | D:15     | Gained mutation: Armour fits poorly on your pseudopods.
                  | [Jiyva's grace]
 11206 | D:15     | Found a staircase to the Depths.
 11504 | D:15     | an alligator changed into a quicksilver ooze
 11504 | D:15     | Noticed a quicksilver ooze (glowing shapeshifter)
 11507 | D:15     | a quicksilver ooze changed into a death yak
 11724 | Lair:1   | Entered Level 1 of the Lair of Beasts
 11841 | Lair:1   | Reached skill level 16 in Armour
 11852 | Lair:1   | Lost mutation: Armour fits poorly on your pseudopods.
                  | [potion of mutation]
 11852 | Lair:1   | Lost mutation: Armour fits poorly on your strangely shaped
                  | body. [potion of mutation]
 11852 | Lair:1   | Gained mutation: Your spells are a little easier to cast,
                  | but a little less powerful. [potion of mutation]
 11852 | Lair:1   | Gained mutation: Your flesh is heat resistant. (rF+)
                  | [potion of mutation]
 11852 | Lair:1   | Gained mutation: You have very sharp teeth. [potion of
                  | mutation]
 12503 | Lair:2   | Lost mutation: You have sharp toenails. [Jiyva's grace]
 12503 | Lair:2   | Lost mutation: Your system is resistant to poisons. (rPois)
                  | [Jiyva's grace]
 12503 | Lair:2   | Gained mutation: A frigid envelope surrounds you and
                  | freezes all who hurt you. [Jiyva's grace]
 12503 | Lair:2   | Gained mutation: You possess an exceptional clarity of
                  | mind. [Jiyva's grace]
 12503 | Lair:2   | Gained mutation: You are covered in slimy tendrils that may
                  | disarm your opponents. [Jiyva's grace]
 12503 | Lair:2   | Gained mutation: Your muscles are strong. (Str +4, Int/Dex
                  | -1) [Jiyva's grace]
 12688 | Lair:2   | Found a staircase to the Shoals.
 12978 | Lair:2   | Noticed Nergalle
 12998 | Lair:2   | Killed Nergalle
 13029 | Lair:2   | Reached skill level 17 in Armour
 13615 | Lair:3   | Reached XP level 14. HP: 135/135 MP: 13/13
 13807 | Lair:3   | Found a hazy altar of Hepliaklqana.
 13814 | Lair:3   | Found a hole to the Spider Nest.
 13883 | Lair:3   | Found a runed translucent gate.
 13883 | Lair:3   | Found a runed translucent gate.
 13883 | Lair:3   | Found a runed translucent gate.
 13883 | Lair:3   | Noticed booth's ghost (journeyman DsMo)
 13884 | Lair:3   | Found a viscous altar of Jiyva.
 14040 | Lair:3   | Killed booth's ghost
 14048 | Lair:3   | Identified the ring of Iwoshiemn {Fire MP+9 Str-3 Dex+2}
 14645 | Lair:4   | Found a runed translucent door.
 14645 | Lair:4   | Found a viscous altar of Jiyva.
 14646 | Lair:4   | Found a staircase to the Slime Pits.
 14647 | Lair:4   | Lost mutation: You have very sharp teeth. [Jiyva's grace]
 14647 | Lair:4   | Lost mutation: Your muscles are strong. (Str +4, Int/Dex
                  | -1) [Jiyva's grace]
 14647 | Lair:4   | Lost mutation: You are covered in slimy tendrils that may
                  | disarm your opponents. [Jiyva's grace]
 14647 | Lair:4   | Lost mutation: Your spells are a little easier to cast, but
                  | a little less powerful. [Jiyva's grace]
 14647 | Lair:4   | Gained mutation: You are covered in slimy tendrils that may
                  | disarm your opponents. [Jiyva's grace]
 14647 | Lair:4   | Gained mutation: You have a small jelly attached to you
                  | that senses nearby items. [Jiyva's grace]
 14647 | Lair:4   | Gained mutation: You expend magic power (3 MP) to
                  | strengthen your wands. [Jiyva's grace]
 14647 | Lair:4   | Gained mutation: Your mind is acute. (Int +4, Str/Dex -1)
                  | [Jiyva's grace]
 14686 | Slime:1  | Entered Level 1 of the Pits of Slime
 14720 | Slime:1  | Noticed an acid blob
 14726 | Slime:1  | Noticed an acid blob
 14806 | Slime:1  | Noticed an azure jelly
 14827 | Slime:1  | Noticed an acid blob
 15002 | Slime:2  | Noticed an acid blob
 15006 | Slime:2  | Noticed an acid blob
 15022 | Slime:2  | Noticed a quicksilver ooze
 15048 | Slime:2  | Noticed an acid blob
 15062 | Slime:2  | Noticed a rockslime
 15169 | Slime:2  | Noticed an acid blob
 15398 | Slime:3  | Noticed an acid blob
 15405 | Slime:3  | Noticed an acid blob
 15519 | Slime:3  | Noticed an acid blob
 15615 | Slime:4  | Noticed a rockslime
 15680 | Slime:4  | Noticed an acid blob
 15742 | Slime:5  | Entered Level 5 of the Pits of Slime
 15742 | Slime:5  | Noticed an azure jelly
 15787 | Slime:5  | Noticed an acid blob
 15794 | Slime:5  | Noticed a quicksilver ooze
 15843 | Slime:5  | Noticed an acid blob
 15878 | Slime:5  | Noticed an acid blob
 15912 | Slime:5  | Noticed a rockslime
 15930 | Slime:5  | Noticed an acid blob
 15932 | Slime:5  | Noticed an acid blob
 15933 | Slime:5  | Noticed an acid blob
 15934 | Slime:5  | Found a viscous altar of Jiyva.
 15935 | Slime:5  | Noticed an acid blob
 15939 | Slime:5  | Identified the +5 plate armour of Cumom {Rampage Stlth+}
 15940 | Slime:5  | Identified the amulet "Imaunticw" {rElec Regen+ rCorr
                  | Dex-3}
 15942 | Slime:5  | Identified the +0 plate armour of Imperfection {rCorr Int+3
                  | Dex+3}
 15946 | Slime:5  | Noticed an acid blob
 15952 | Slime:5  | Got a slimy rune of Zot
 15955 | Slime:5  | Identified the +0 spear of the Moon {flame, Int+3}
 15989 | Slime:5  | Identified the +12 great sword "Sarhor" {heavy, rPois
                  | Stlth+}
 16007 | Slime:5  | Got the Directory of Wicked Spells and the Burn
 16008 | Slime:5  | Identified the +5 scale mail of the Comet {rCorr Dex+3}
 16023 | Slime:5  | Identified the staff of poison "Oblea" {rElec rPois rN+
                  | SInv}
 16085 | Slime:5  | Noticed the Royal Jelly
 16085 | Slime:5  | Noticed an acid blob
 16469 | Lair:4   | Reached skill level 1 in Long Blades
 16992 | Lair:5   | Entered Level 5 of the Lair of Beasts
 17015 | Lair:5   | HP: 2/122 [death yak (9)]
 17015 | Lair:5   | Slain by a death yak

Illustrated notes

Levels and vault maps discovered:
D:1:      dpeg_arrival_court, layout_loops_ring, serial_shops,
          nicolae_diamond_shop, shapermc_ecumenical_altar_petra
D:2:      layout_basic, basic_altar
D:3:      minmay_octagon_keep, layout_basic, grunt_temple_overflow_open,
          tgw_kikubaaqudgha, dk_yredelemnul_ordeal
D:4:      layout_loops_ring, general_overflow_altar,
          ebering_ghost_reflecting_pool
D:5:      layout_gridville, minmay_misc_feat_rows
D:6:      layout_basic, temple_pool_b, minmay_misc_feat_square,
          nicolae_stop_n_shop_1, minmay_shop_mayhem, uniq_menkaure
D:7:      layout_cave_pools, serial_gnoll_camp, gnoll_camp_mini_hut,
          gnoll_camp_mini_hut, gnoll_camp_mini_doghouse, gnoll_camp_mini_basic,
          gnoll_camp_mini_doghouse, gnoll_camp_mini_doghouse, uniq_pikel
D:8:      layout_loops_ring, mainiacjoe_overflow_alcove_4,
          nicolae_tso_besieged_by_evil, nicolae_overflow_squiral,
          grunt_lair_entry_orc_guard_hut, serial_shops,
          nicolae_shop_hallway_stairs, shop, nicolae_lakefront_shop,
          kennysheep_mini, shop, kennysheep_generic_room_7, uniq_psyche
D:9:      layout_small_grid, uniq_maurice
D:10:     layout_cave_pods, orc_0_dummy, serial_shops,
          nicolae_shop_industrial_runoff, nicolae_shop_tiny_waterfront,
          nicolae_shop_trees, uniq_josephine
D:11:     layout_big_octagon, dreamdust_deal_with_the_devil,
          nicolae_hepliaklqana_monster_ancestors, uniq_amaemon
D:12:     gammafunk_corrupted_shrine, layout_rooms, gauntlet_entry_generic,
          st_stairs_2, minmay_misc_feat_x, uniq_sonja, uniq_erolcha
D:13:     layout_basic, david_vaults_2, elyvilon_altar_5, uniq_rupert
D:14:     layout_loops_ring, chequers_serial_rivers_micro_d
D:15:     gammafunk_enter_depths_forms, layout_cave_pools, minmay_door_square,
          gammafunk_ghost_cemetery
Lair:1:   layout_cave_pods
Lair:2:   layout_small_grid, minmay_shoals_entry_hut, uniq_nergalle
Lair:3:   beast_lair_carwin_large_2, layout_gridlike, dummy_spider_entry,
          basic_altar, gammafunk_ghost_ooze, lemuel_another_geyser
Lair:4:   layout_cave_pods, slime_entry_2, infiniplex_staircase_pool_2,
          grunt_megastairs_4
Lair:5:   hellmonk_lair_end_abyssal_woods, layout_long_grid, basic_altar,
          serial_bayou_lagoon_a
Slime:1:  nicolae_slime_infinislime, layout_caves
Slime:2:  cheibrodos_slime_lost_civilization_1, layout_caves,
          nicolae_slime_crime_time
Slime:3:  layout_caves
Slime:4:  layout_caves
Slime:5

Skill      XL: |  1  2  3  4  5  6  7  8  9 10 11 12 13 14 |
---------------+-------------------------------------------+-----
Fighting       | 4 5 6 7 8 9 11 14 15 16 | 16.6
Axes           | 8 11 | 11.0
Dodging        | 7 13 14 | 14.1
Armour         | 12 17 | 17.2
Long Blades    | 3 |  3.8
Shields        | |  3.6

Action                     |  1- 3 |  4- 6 |  7- 9 | 10-12 | 13-15 || total
---------------------------+-------+-------+-------+-------+-------++-------
  Melee: War axe           |    72 |    81 |   152 |   345 |   420 ||  1070
         Headbutt          |     9 |    17 |    30 |    98 |   115 ||   269
         Bite              |       |     4 |    16 |    46 |    35 ||   101
         Kick              |       |       |       |   102 |   106 ||   208
         Mace              |       |       |       |     6 |     2 ||     8
         Pseudopods        |       |       |       |       |    13 ||    13
         Great sword       |       |       |       |       |    14 ||    14
  Evoke: Condenser vane    |       |       |       |     1 |       ||     1
         Wand              |       |       |       |     9 |       ||     9
    Use: Scroll            |     1 |     4 |     4 |     5 |     4 ||    18
         Potion            |       |       |       |    10 |     5 ||    15
 Armour: Scale mail        |    51 |    52 |       |       |       ||   103
         Chain mail        |       |       |   120 |   170 |   104 ||   394
         Plate armour      |       |       |       |       |    26 ||    26
  Dodge: Dodged            |    45 |    38 |    92 |   347 |   554 ||  1076
  Block: Buckler           |    18 |    13 |    51 |   120 |   159 ||   361
